 Dungeon Crawl Stone Soup version 0.27.0-1-g7a089689b8 (webtiles) character file.

Game seed: 7353205846686161948

5 Descartes the Sneak (level 1, 0/9 HPs)
             Began as a Felid Wanderer on Aug 14, 2021.
             Slain by a kobold (4 damage)
             ... on level 1 of the Dungeon.
             The game lasted 00:00:30 (212 turns).

Descartes the Sneak (Felid Wanderer)                 Turns: 212, Time: 00:00:30

Health: 0/9        AC:  1    Str:  7    XL:     1   Next: 66%
Magic:  2/2        EV: 16    Int: 14    God:
Gold:   16         SH:  0    Dex: 15    Spells: 0/0 levels left
                                        Lives:  0   Deaths: 0

rFire    . . .     SeeInvis +     - Unarmed
rCold    . . .     Faith    .   (shield unavailable)
rNeg     . . .     Spirit   .   (armour unavailable)
rPois    .         Reflect  .   (helmet unavailable)
rElec    .         Harm     .   (cloak unavailable)
rCorr    .         Rampage  .   (gloves unavailable)
Will     .....                  (boots unavailable)
Stlth    +++.......             (no amulet)
HPRegen  0.03/turn              (no ring)
MPRegen  0.08/turn              (no ring)

@: quick
A: very small, claws 1, fangs 3, see invisible, speed 1, shaggy fur 1, stealthy
paws, no weapons or thrown items, no armour, multi-lived
a: no special abilities


You were on level 1 of the Dungeon.
You visited 1 branch of the dungeon, and saw 1 of its levels.

You collected 16 gold pieces.

Inventory:

Scrolls
 a - a scroll of fear
 b - 2 scrolls of teleportation
Potions
 c - a potion of brilliance {unknown}


   Skills:
 - Level 2.0 Fighting
 + Level 0.9 Dodging
 + Level 5.5 Stealth
 + Level 4.1 Unarmed Combat


You couldn't memorise any spells.
You didn't know any spells.
Your spell library was empty.

Dungeon Overview and Level Annotations

Branches:
Dungeon (1/15)

Altars:


Innate Abilities, Weirdness & Mutations

You have sharp claws.
You have razor-sharp teeth.
You have supernaturally acute eyesight. (SInv)
You cover ground quickly. (Speed+)
You are covered in fur. (AC +1)
Your paws help you pounce on unaware monsters.
You are incapable of wielding weapons or throwing items.
You cannot wear armour.
You gain extra lives every three experience levels.


Message History

You are too injured to fight recklessly!
You are too injured to fight recklessly!
You are too injured to fight recklessly!
You are too injured to fight recklessly!
You scratch the ball python.
You kill the ball python!
HP restored.
You see here a +0 ring mail.
You now have 16 gold pieces.
An endoplasm comes into view.
Found a scroll labelled JUK IVE ZEUREG.
A kobold comes into view. It is wielding a +0 dagger.
A rat comes into view.
The helpless endoplasm fails to defend itself.
You mangle the endoplasm!!
You kill the endoplasm!
Found a book of Callings.
Found a scroll labelled VAOGUAXTAIH.
A kobold comes into view. It is wielding a +0 short sword.
Found a cyan potion.
Found a stone staircase leading down.
You closely miss the rat. The rat bites you but does no damage.
You barely miss the kobold. Your bite misses the kobold.
The rat barely misses you. The kobold hits you with a +0 dagger.
You barely miss the kobold. The rat bites you.
The kobold hits you with a +0 dagger.
You are too injured to fight recklessly!
You are too injured to fight recklessly!
You are too injured to fight recklessly!
You are too injured to fight recklessly!
You are too injured to fight recklessly!
You are too injured to fight recklessly!
You are too injured to fight recklessly!
Unknown command.
The rat closely misses you.
There is a stone staircase leading down here.
You scratch the rat.
You kill the rat!
The kobold completely misses you.
You barely miss the kobold. The kobold hits you with a +0 dagger.
You die...

.####..........#.##..##.###.#
?........####.#...#..#...#.#.
.#####.## #......[......###
#.#####.### ##.##########<>##
..........# #.# ...........
##.#####.#.# #.# #.(##......
...#####.#.# #.# ...........
#.......#.####.# #####......
.#.......#..K@..# ...(......
..........#.###.# ##########
.#.......###...... #........#
####### #.......#.#
:...........! ...........###
.####?####.# #. K#


You could see a kobold.

Vanquished Creatures
  An endoplasm (D:1)
  A goblin (D:1)
  A kobold (D:1)
  A ball python (D:1)
  A rat (D:1)
5 creatures vanquished.

Notes
Turn   | Place    | Note
-------+----------+-------------------------------------------
     0 | D:1      | Descartes the Felid Wanderer began the quest for the Orb.
     0 | D:1      | Descartes set off with the following items: a scroll of
                  | fear, 2 scrolls of teleportation
     0 | D:1      | Reached XP level 1. HP: 9/9 MP: 2/2
   212 | D:1      | Slain by a kobold

Illustrated notes

Levels and vault maps discovered:
D:1:      dpeg_arrival_line_fractal, layout_loops_ring, minmay_misc_feat_doors,
          minmay_tripent

Action                   || total
-------------------------++-------
Melee: Unarmed           ||    10
       Bite              ||     1
 Stab: Sleeping          ||     1
Armor: Skin              ||     1
Dodge: Dodged            ||     5
